 Dungeon Crawl Stone Soup version 0.21-a0-213-gae198ad (webtiles) character file.

39 Nvm9 the Skirmisher (level 3, -8/29 HPs)
             Began as a Demonspawn Fighter on Aug 22, 2017.
             Killed by nerve-wracking pain
             ... invoked by Jessica
              (14 damage)
             ... on level 2 of the Dungeon.
             The game lasted 00:00:46 (565 turns).

Nvm9 the Skirmisher (Demonspawn Fighter)             Turns: 565, Time: 00:00:47

Health: -8/29      AC:  8    Str: 22    XL:     3   Next: 28%
Magic:  3/3        EV:  7    Int:  9    God:
Gold:   66         SH:  9    Dex: 12    Spells: 2/2 levels left

rFire    + . .     SeeInvis .   a - +0 war axe
rCold    . . .     Gourm    .   c - +0 shield
rNeg     . . .     Faith    .   b - +0 scale mail
rPois    .         Spirit   .   (no helmet)
rElec    .         Reflect  .   (no cloak)
rCorr    .         Harm     .   (no gloves)
MR       .....                  (no boots)
Stlth    ..........             (no amulet)
HPRegen  0.09/turn              (no ring)
MPRegen  0.08/turn              (no ring)

@: mighty, slowed, very slow
A: iridescent scales 1, fire resistance 1
a: no special abilities


You were on level 2 of the Dungeon.
You were not hungry.

You visited 1 branch of the dungeon, and saw 2 of its levels.

You collected 66 gold pieces.

Inventory:

Hand Weapons
 a - a +0 war axe (weapon)
Armour
 b - a +0 scale mail (worn)
 c - a +0 shield (worn)
Scrolls
 i - 3 scrolls of enchant armour {unknown}
 j - a scroll of identify {unknown}
Potions
 d - a potion of might
 e - a potion of lignification {unknown}
 g - a potion of mutation {unknown}
 h - a potion of haste {unknown}
Comestibles
 f - a bread ration


   Skills:
 + Level 3.5 Fighting
 + Level 2.0 Axes
 * Level 3.1 Armour
 + Level 3.0 Shields


You had 2 spell levels left.
You didn't know any spells.

Dungeon Overview and Level Annotations

Branches:
Dungeon (2/15)

Altars:
Nemelex Xobeh

Annotations:
D:2 Jessica


Innate Abilities, Weirdness & Mutations

You are partially covered in iridescent scales. (AC +2)
Your flesh is heat resistant. (rF+)


Message History

You feel yourself slow down. You block Jessica's attack.
You closely miss Jessica. Jessica hits you. Jessica casts a spell at you.
Pain shoots through your body!
Jessica looks very angry.
Jessica mumbles some strange words.
Jessica blinks!
Jessica points at you and mumbles some strange words.
Pain shoots through your body!
* * * LOW HITPOINT WARNING * * *
You are too injured to fight recklessly!
You are too injured to fight recklessly!
You are too injured to fight recklessly!
You are too injured to fight recklessly!
You are too injured to fight recklessly!
You feel very mighty all of a sudden. You block Jessica's attack.
Jessica points at you and mumbles some strange words.
Pain shoots through your body!
You die...

#########
######.......######
............@#....#
..........##@..#
.........####.####
........##..#'#..# ...
........##.......##..#
.........##.._..##...#
.......#..##...##....###
.......##..##.##........
.......###..###.........
........................


You could see Jessica.

Vanquished Creatures
  An adder (D:1)
  2 dart slugs (D:1)
  2 leopard geckos (D:1)
  3 giant cockroaches (D:1)
  3 goblins (D:1)
  3 hobgoblins (D:1)
  5 bats (D:1)
  A kobold (D:1)
  4 rats (D:1)
24 creatures vanquished.

Notes
Turn   | Place    | Note
-------+----------+-------------------------------------------
     0 | D:1      | Nvm9 the Demonspawn Fighter began the quest for the Orb.
     0 | D:1      | Reached XP level 1. HP: 18/18 MP: 1/1
   156 | D:1      | Gained mutation: Your flesh is heat resistant. (rF+) [demonic ancestry]
   156 | D:1      | Reached XP level 2. HP: 24/24 MP: 2/2
   292 | D:1      | Gained mutation: You are partially covered in iridescent scales. (AC +2) [demonic ancestry]
   292 | D:1      | Reached XP level 3. HP: 29/29 MP: 3/3
   552 | D:2      | Found a sparkling altar of Nemelex Xobeh.
   552 | D:2      | Noticed Jessica
   565 | D:2      | Killed from afar by Jessica

Vault maps used:
D:1:      dpeg_arrival_houses_and_road
D:2:      bloody_makhleb, nemelex_lonely_heart_becter

Skill      XL: |  1  2 |
---------------+-------+-----
Axes           | 2 |  2.0
Armour         | 3 |  3.1
Shields        | 3 |  3.0
Fighting       | |  3.5

Action                   || total
-------------------------++-------
Melee: War axe           ||    96
  Use: Potion            ||     1
Armor: Scale mail        ||    72
Dodge: Dodged            ||    37
Block: Shield            ||    62

Table legend:
 A = Spawn XP
 B = Non-spawn XP
 C = Spawn XP percentage of total XP
 D = Spawn monster count
 E = Non-spawn monster count
 F = Spawn count percentage of total count
 G = Total turns spent on level
                    A         B        C        D         E        F      G
               +---------+---------+-------+---------+---------+-------+---------
         Total |      18 |      39 |  31.6 |       4 |      20 |  16.7 |   565
               +---------+---------+-------+---------+---------+-------+---------
           D:1 |      18 |      39 |  31.6 |       4 |      20 |  16.7 |   532
               +---------+---------+-------+---------+---------+-------+---------
